 Dungeon Crawl Stone Soup version 0.30.1-9-gdf580d7c3d (webtiles) character file.

Game seed: 9920792849105590227

5087 ringo67 the Summoner (level 10, -3/61 HPs)
             Began as a Tengu Summoner on Sept 26, 2023.
             Was a Follower of Sif Muna.
             Killed from afar by a deep elf pyromancer (44 damage)
             ... with a bolt of fire
             ... on level 7 of the Dungeon on Sept 27, 2023.
             The game lasted 00:48:43 (6016 turns).

ringo67 the Summoner (Tengu Summoner)               Turns: 6016, Time: 00:48:46

Health: -3/61      AC:  6    Str: 17    XL:     10   Next: 57%
Magic:  18/18      EV: 17    Int: 21    God:    Sif Muna [*.....]
Gold:   357        SH:  0    Dex: 16    Spells: 9/19 levels left

rFire   . . .        I - +1 trident
rCold   . . .        (no shield)
rNeg    . . .        k - +2 leather armour {rPois}
rPois   +            (helmet restricted)
rElec   .            n - +0 cloak
rCorr   .            (no gloves)
SInv    .            (boots unavailable)
Will    .....        c - amulet of magic regeneration
Stlth   ++           j - ring of wizardry
HPRegen 0.30/turn    m - ring of Life {Str+6 Int+3 Dex+2}
MPRegen 0.56/turn

%: wizardry (x1)
@: flying quickly and evasively, studying Translocations, quick
A: beak, talons 3, nimble flight
a: Renounce Religion, Channel Magic


You were on level 7 of the Dungeon.
You worshipped Sif Muna.
Sif Muna was aware of your devotion.
You visited 2 branches of the dungeon, and saw 8 of its levels.

You collected 357 gold pieces.

Inventory:

Hand Weapons
 d - a +0 sling
 o - a +4 quarterstaff of chaos
 I - a +1 trident (weapon)
Missiles
 G - 2 poisoned darts
Armour
 k - a +2 leather armour of poison resistance (worn)
 n - a +0 cloak (worn)
 u - a scarf of resistance
 H - a +2 kite shield
Magical Staves
 K - the staff of fire "Ykat" {+Blink rElec rF+ rC+}
   (You found it on level 7 of the Dungeon)

   [staff of fire]

   Base accuracy: +5 Base damage: 5 Base attack delay: 1.2 This weapon's minimum
   attack delay (0.6) is reached at skill level 12.
   rF:        It protects you from fire.
   rC:        It protects you from cold.
   rElec:     It insulates you from electricity.
   +Blink:    It lets you blink.
   It falls into the 'Staves' category.
   It is a one-handed weapon.
Jewellery
 c - an amulet of magic regeneration (around neck)
 j - a ring of wizardry (left hand)
 m - the ring of Life (right hand) {Str+6 Int+3 Dex+2}
   (You took it off an orc wizard on level 7 of the Dungeon)

   [ring of strength]

   Str:       It affects your strength (+6).
   Int:       It affects your intelligence (+3).
   Dex:       It affects your dexterity (+2).
 D - a ring of fire
 F - an amulet of regeneration
Wands
 q - a wand of polymorph (9)
 y - a wand of mindburst (16)
 C - a wand of roots (11)
 J - a wand of flame (16)
Scrolls
 a - 3 scrolls of poison
 e - 8 scrolls of identify {unknown}
 g - a scroll of immolation {unknown}
 r - 2 scrolls of magic mapping {unknown}
 s - 2 scrolls of blinking {unknown}
 w - a scroll of brand weapon {unknown}
 A - 3 scrolls of teleportation {unknown}
 B - a scroll of vulnerability {unknown}
 E - 2 scrolls of noise {unknown}
Potions
 b - 2 potions of magic
 f - 3 potions of degeneration {unknown}
 h - 5 potions of curing
 i - 2 potions of mutation {unknown}
 l - 2 potions of flight {unknown}
 p - 2 potions of haste {unknown}
 t - 2 potions of attraction {unknown}
 v - 3 potions of lignification {unknown}
 x - 2 potions of heal wounds {unknown}
 z - a potion of cancellation {unknown}
Miscellaneous
 L - a phantom mirror
 M - a lightning rod (4/4)


   Skills:
 + Level 6.8 Fighting
 + Level 5.0 Polearms
 - Level 5.2 Armour
 - Level 5.5 Dodging
 - Level 2.0 Stealth
 + Level 5.6 Shields
 - Level 5.0 Spellcasting
 - Level 10.0 Summonings
 - Level 2.0 Ice Magic


You had 9 spell levels left.
You knew the following spells:

 Your Spells              Type           Power      Damage    Failure   Level
a - Summon Small Mammal   Summ           100%       N/A       1%          1
b - Call Imp              Summ           94%        N/A       1%          2
c - Call Canine Familiar  Summ           47%        N/A       1%          3
d - Summon Ice Beast      Ice/Summ       30%        N/A       4%          4

Your spell library contained the following spells:

 Spells                   Type           Power      Damage    Failure   Level
 Summon Guardian Golem    Hex/Summ       26%        N/A       1%          3
 Summon Lightning Spire   Summ/Air       26%        N/A       6%          4
 Frozen Ramparts          Ice            26%        1d4       7%          3
 Ignite Poison            Fire/Tmut/Pois 5%         N/A       16%         3
 Inner Flame              Hex/Fire       5%         N/A       16%         3
 Portal Projectile        Hex/Tloc       10%        N/A       16%         3
 Tukima's Dance           Hex            5%         N/A       16%         3
 Ice Form                 Ice/Tmut       9%         N/A       32%         4
 Flame Wave               Conj/Fire      5%         2d5       43%         4
 Sticky Flame             Conj/Fire      5%         2d3       43%         4
 Blade Hands              Tmut           2%         N/A       77%         5
 Yara's Violent Unravell  Hex/Tmut       2%         3d3       77%         5
 Enfeeble                 Hex            2%         N/A       100%        7
 Ignition                 Fire           2%         3d3       100%        8


Dungeon Overview and Level Annotations

Branches:
Dungeon (7/15)             Temple (1/1) D:5

Altars:
Cheibriados
Dithmenos
Elyvilon
Fedhas
Gozag
Hepliaklqana
Makhleb
Nemelex Xobeh
Okawaru
Qazlal
Ru
Sif Muna
Trog
Vehumet
Xom
Yredelemnul
Zin
The Shining One

Shops:
D:6 ?

Annotations:
D:4 1 runed translucent door, Psyclone's ghost, novice DECj


Innate Abilities, Weirdness & Mutations

You have a beak for a mouth.
You have claws for feet.
Your magical nature lets you fly swiftly and evasively.


Message History

Your quokka misses the deep elf pyromancer.
The deep elf pyromancer hits your cerulean imp with the +1 falchion of the Clean God {flame, rC+ Str+3 Int+4}!
The deep elf pyromancer burns your cerulean imp.
Your cerulean imp dies!
Your cerulean imp disappears in a puff of smoke!
Your ice beast hits the deep elf pyromancer but does no damage.
Casting: Summon Small Mammal (safe; 1% risk of failure)
Confirm with . or Enter, or press ? or * to list all spells.
A tiny devil pulls itself out of the air.
Your wolf closely misses the deep elf pyromancer.
Your quokka barely misses the deep elf pyromancer.
Your ice beast barely misses the deep elf pyromancer.
Your wolf closely misses the deep elf pyromancer.
Your quokka bites the deep elf pyromancer.
The deep elf pyromancer points at you and mumbles some strange words.
The bolt of fire hits you!!
Your ice beast hits the deep elf pyromancer but does no damage.
Your wolf barely misses the deep elf pyromancer.
You swap places.
Your quokka closely misses the deep elf pyromancer.
Your cerulean imp hits the deep elf pyromancer but does no damage.
Your wolf bites the deep elf pyromancer!
The deep elf pyromancer mumbles some strange words.
Your ice beast hits the deep elf pyromancer.
Your ice beast freezes the deep elf pyromancer.
The deep elf pyromancer resists.
Your quokka bites the deep elf pyromancer but does no damage.
Your wolf completely misses the deep elf pyromancer.
Your cerulean imp hits the deep elf pyromancer from afar with a +0 spear.
The fire elemental barely misses your cerulean imp.
Something hits your quokka. Something burns your quokka!
Your quokka dies!
Your quokka's corpse disappears in a puff of smoke!
The deep elf pyromancer points at you and mumbles some strange words.
The bolt of fire hits your cerulean imp!!
Your cerulean imp dies!
Your cerulean imp disappears in a puff of smoke!
The bolt of fire hits you!!!
Ouch! That really hurt!
You die...

#.#.#.#.#.####..## (#.#.#.#.#.#
#..##......#...
#.#.#.#.#.####.###.......C.. #
.#.#.#.###..hY.##..#......
###.#.#.###..#e§E.##....C#.#.#
.####.####..##.E#..##....#.#.#
..#.#...#..# #.§##..#....#.#.#
#.#.....#.....#.###)#........# .
.....#.......###@.[..........###.
#.#.....#.###.#(....#............
..#)..#.#..##..###..#....#.......
.####.### ..#.. #..##..#.........
## #... #... #..##...#........# #
#.#.. ##.....##..#..[........
#..##..####.###..##........#.#
##...#... #. #.........>..... .
#....##.. #..##..(#....#.#


You could see a deep elf pyromancer (ally target), a fire elemental (summoned)
and a friendly wolf (summoned).

Vanquished Creatures
  A troll (D:7)
  2 ice beasts (D:7)
  An orc warrior (D:7)
  An ogre (D:7)
  2 scorpions
  A wight (D:6)
  2 howler monkeys (D:7)
  A hound (D:6)
  A jelly (D:7)
  An orc wizard (D:6)
  An adder (D:3)
  2 shadow imps
  A dart slug (D:4)
  2 orcs (D:6)
  An endoplasm (D:3)
  A giant cockroach (D:1)
  A goblin (D:4)
  4 hobgoblins
  3 jackals
  A quokka (D:1)
  A ball python (D:3)
  4 bats
  A frilled lizard (D:3)
  2 kobolds
  A rat (D:3)
39 creatures vanquished.

Vanquished Creatures (collateral kills)
  A two-headed ogre (D:7)
  A cyclops (D:7)
  A troll (D:7)
  A vampire (D:7)
  A wraith (D:7)
  2 yaks (D:7)
  3 water moccasins
  An orc warrior (D:6)
  2 ogres (D:4)
  A sky beast (D:7)
  A centaur (D:7)
  A kobold brigand (D:6)
  A phantom (D:4)
  Blork the orc (D:6)
  4 bullfrogs
  6 scorpions
  2 wights (D:6)
  A killer bee (D:7)
  2 jellies
  A hound (D:7)
  An orc priest (D:6)
  A sleepcap (D:5)
  Ijyb (D:3)
  Crazy Yiuf (D:2)
  3 iguanas
  6 orc wizards
  A statue (D:4)
  6 gnolls
  5 adders
  A shadow imp (D:6)
  2 white imps (D:7)
  A worm (D:1)
  2 dart slugs
  13 orcs
  An endoplasm (D:2)
  3 giant cockroaches
  8 hobgoblins
  5 jackals
  9 kobolds
  2 quokkas
  3 ball pythons
  A bat (D:1)
  3 frilled lizards
  5 goblins
  3 rats
121 creatures vanquished.

Grand Total: 160 creatures vanquished

Notes
Turn   | Place    | Note
-------+----------+-------------------------------------------
     0 | D:1      | ringo67 the Tengu Summoner began the quest for the Orb.
     0 | D:1      | Reached XP level 1. HP: 10/10 MP: 4/4
   202 | D:1      | Reached skill level 5 in Summonings
   218 | D:1      | Reached XP level 2. HP: 15/15 MP: 6/6
   233 | D:1      | Learned a level 2 spell: Call Imp
   478 | D:1      | Found a faded altar of an unknown god.
  1043 | D:1      | Reached XP level 3. HP: 15/19 MP: 7/7
  1616 | D:2      | Found a runed translucent door.
  1617 | D:2      | Noticed Crazy Yiuf
  1644 | D:2      | Killed Crazy Yiuf
  1645 | D:2      | Reached skill level 1 in Armour
  1645 | D:2      | Reached XP level 4. HP: 24/24 MP: 5/9
  1829 | D:3      | Noticed Ijyb
  1965 | D:2      | Learned a level 3 spell: Call Canine Familiar
  2070 | D:3      | Gained mutation: Your magical nature lets you fly swiftly
                  | and evasively. [Tengu growth]
  2070 | D:3      | Reached XP level 5. HP: 20/28 MP: 6/10
  2074 | D:3      | Killed Ijyb
  2075 | D:3      | Reached skill level 6 in Summonings
  2737 | D:4      | Reached XP level 6. HP: 26/32 MP: 8/12
  2859 | D:4      | Reached skill level 1 in Fighting
  2859 | D:4      | Reached skill level 7 in Summonings
  2859 | D:4      | Reached XP level 7. HP: 38/38 MP: 8/14
  3075 | D:4      | Found a radiant altar of Vehumet.
  3300 | D:4      | Reached XP level 8. HP: 44/45 MP: 15/15
  3325 | D:4      | Found a runed translucent door.
  3328 | D:4      | Noticed Psyclone's ghost (novice DECj)
  3398 | D:4      | Found an iron altar of Okawaru.
  3572 | D:5      | Entered Level 5 of the Dungeon
  3921 | D:5      | Reached skill level 5 in Armour
  3922 | D:5      | Found a staircase to the Ecumenical Temple.
  3932 | Temple   | Entered the Ecumenical Temple
  3941 | Temple   | Became a worshipper of Sif Muna the Loreminder
  4237 | D:6      | Found Wauvuwe's Magic Scroll Boutique.
  4262 | D:6      | Found a snail-covered altar of Cheibriados.
  4264 | D:6      | Noticed Blork the orc
  4277 | D:6      | Killed Blork the orc
  4278 | D:6      | Reached skill level 1 in Polearms
  4278 | D:6      | Reached skill level 8 in Summonings
  4403 | D:6      | Reached skill level 5 in Dodging
  4507 | D:6      | Found a shadowy altar of Dithmenos.
  4546 | D:6      | Reached XP level 9. HP: 49/52 MP: 16/16
  4579 | D:6      | Learned a level 4 spell: Summon Ice Beast
  4606 | D:6      | Reached * piety under Sif Muna
  4710 | D:6      | Found a bloodstained altar of Trog.
  5083 | D:7      | Identified the +1 falchion of the Clean God {flame, rC+
                  | Str+3 Int+4}
  5083 | D:7      | Noticed a deep elf pyromancer
  5109 | D:7      | Reached skill level 1 in Shields
  5124 | D:7      | Reached skill level 1 in Ice Magic
  5127 | D:7      | Reached skill level 5 in Spellcasting
  5141 | D:7      | Reached skill level 9 in Summonings
  5152 | D:7      | Identified the ring of Life {Str+6 Int+3 Dex+2}
  5154 | D:7      | Noticed a troll
  5189 | D:7      | Killed a troll
  5222 | D:7      | Noticed a cyclops
  5272 | D:7      | Killed a cyclops
  5273 | D:7      | Reached skill level 5 in Fighting
  5399 | D:7      | Reached XP level 10. HP: 39/60 MP: 18/18
  5444 | D:7      | Noticed a two-headed ogre
  5740 | D:7      | Reached skill level 10 in Summonings
  5764 | D:7      | Found an opulent altar of Gozag.
  5764 | D:7      | Found a basalt altar of Yredelemnul.
  5769 | D:7      | Found a sacrificial altar of Ru.
  5769 | D:7      | Found a stormy altar of Qazlal.
  5784 | D:7      | Reached skill level 5 in Shields
  5789 | D:7      | Identified the staff of earth "Imniff" {*Corrode Will+
                  | Dex+4}
  5822 | D:7      | Identified the staff of fire "Ykat" {+Blink rElec rF+ rC+}
  5854 | D:7      | Killed a two-headed ogre
  5947 | D:7      | Reached skill level 5 in Polearms
  6016 | D:7      | Killed from afar by a deep elf pyromancer

Illustrated notes

Levels and vault maps discovered:
D:1:      sevenhm_arrival_forest_fort_large_3, layout_basic,
          hellmonk_ecumenical_altar_crossroads
D:2:      layout_loops_ring, uniq_crazy_yiuf_cottage
D:3:      layout_rooms, grunt_ministairs_15, fountainhead, serial_bayou_pond_a,
          minmay_misc_feat_tower, minmay_misc_feat_plants, uniq_ijyb
D:4:      layout_loops_cross, vehumet_statue, lemuel_crystal_altar,
          ebering_ghost_reflecting_pool, hangedman_decor_opposing
D:5:      layout_basic, minmay_temple_entry_statues_pillars
D:6:      layout_rooms, lemuel_tele_altar, trog_butcher_becter,
          mainiacjoe_overflow_surrounded_room, serial_shops, shop,
          uniq_blork_the_orc
D:7:      minmay_the_grid_octo_tiled_squarecenter
          [minmay_the_grid_octo_odd_swirl, minmay_the_grid_octo_shrine,
          minmay_the_grid_octo_checkered, minmay_the_grid_octo_pinwheel,
          minmay_the_grid_square_5x5_megaprize_crossed,
          minmay_the_grid_square_5x5_tie,
          minmay_the_grid_square_5x5_two_walls_b,
          minmay_the_grid_square_5x5_inset,
          minmay_the_grid_square_5x5_broken_cross], layout_basic,
          mainiacjoe_overflow_brackets, serial_shops, shop
Temple:   nicolae_temple_no_exploring_needed

Skill      XL: |  1  2  3  4  5  6  7  8  9 10 |
---------------+-------------------------------+-----
Summonings     | 5 6 7 8 9 10 | 10.0
Armour         | 1 2 3 4 5 |  5.2
Spellcasting   | 3 4 5 |  5.0
Fighting       | 1 2 4 5 6 |  6.8
Dodging        | 3 4 5 |  5.5
Polearms       | 2 3 5 |  5.0
Shields        | 4 5 |  5.6
Ice Magic      | 2 |  2.0
Stealth        | |  2.0

Action                     |  1- 3 |  4- 6 |  7- 9 | 10-12 || total
---------------------------+-------+-------+-------+-------++-------
  Melee: Short sword       |    22 |       |       |       ||    22
         Kick              |     9 |     9 |    34 |     8 ||    60
         Peck              |     7 |     9 |    17 |     5 ||    38
         Dagger            |     2 |       |       |       ||     2
         Spear             |     3 |    62 |    86 |       ||   151
         Trident           |       |       |    32 |    31 ||    63
         Punch             |       |       |     3 |       ||     3
   Fire: Sling             |     1 |       |       |       ||     1
   Cast: Summon Small Mamm |    33 |    24 |    52 |     6 ||   115
         Call Imp          |    12 |    10 |    30 |     5 ||    57
         Call Canine Famil |       |     9 |    26 |     4 ||    39
         Summon Ice Beast  |       |       |     1 |     7 ||     8
    Use: Scroll            |       |       |     1 |       ||     1
         Potion            |       |       |     1 |       ||     1
   Stab: Sleeping          |       |     2 |       |       ||     2
         Distracted        |       |     1 |     5 |     1 ||     7
 Armour: Robe              |     3 |       |       |       ||     3
         Leather armour    |     3 |    24 |    25 |    11 ||    63
  Dodge: Dodged            |    21 |    30 |    97 |    18 ||   166
